 Dungeon Crawl Stone Soup version 0.29-a0-719-g0fec994a2d (webtiles) character file.

Game seed: 14622887109679589249

4909 Haaias the Cleaver (level 10, 0/115 HPs)
             Began as a Minotaur Berserker on June 27, 2022.
             Was an Elder of Trog.
             Slain by a yak (5 damage)
             ... on level 1 of the Lair of Beasts.
             The game lasted 00:12:25 (8770 turns).

Haaias the Cleaver (Minotaur Berserker)             Turns: 8770, Time: 00:12:26

Health: 0/115      AC: 21    Str: 25    XL:     10   Next: 27%
Magic:  9/9        EV:  8    Int:  4    God:    Trog [****..]
Gold:   518        SH:  0    Dex: 11    Spells: 9/9 levels left

rFire   . . .      SeeInvis .   C - +6 hand axe
rCold   . . .      Faith    .   (no shield)
rNeg    . . .      Spirit   .   c - +1 plate armour
rPois   .          Reflect  .   (helmet restricted)
rElec   .          Harm     .   w - +0 cloak
rCorr   .          Rampage  .   s - +2 pair of gloves {hurl}
Will    .....                   (no boots)
Stlth   ..........              l - amulet of regeneration
HPRegen 1.09/turn               (no ring)
MPRegen 0.11/turn               (no ring)

@: berserking, slow
A: horns 2, retaliatory headbutt
a: Renounce Religion, Berserk, Trog's Hand, Brothers in Arms


You were on level 1 of the Lair of Beasts.
You worshipped Trog.
Trog was greatly pleased with you.
You visited 2 branches of the dungeon, and saw 9 of its levels.

You collected 518 gold pieces.

Inventory:

Hand Weapons
 a - a +0 mace
 h - a +1 hand axe of venom
 p - a +3 quarterstaff of chaos
 u - a +0 war axe
 x - a +0 hammer
 C - a +6 hand axe (weapon)
Missiles
 v - 5 boomerangs (quivered)
Armour
 b - a +0 animal skin
 c - a +1 plate armour (worn)
 s - a +2 pair of gloves of hurling (worn)
 w - a +0 cloak (worn)
Jewellery
 k - an amulet of magic regeneration
 l - an amulet of regeneration (around neck)
 q - an amulet of faith
Scrolls
 g - 3 scrolls of vulnerability
 m - 3 scrolls of identify
 n - 5 scrolls of teleportation
 r - 4 scrolls of blinking
 y - a scroll of fear
Potions
 d - 4 potions of flight
 e - a potion of invisibility
 f - 5 potions of curing
 i - a potion of haste
 j - a potion of resistance
 o - 3 potions of attraction
 t - a potion of degeneration
 z - a potion of lignification {unknown}
 B - a potion of mutation {unknown}


   Skills:
 - Level 3.6 Fighting
 * Level 13.5(13.8) Axes
 + Level 4.7(10.0) Maces & Flails
 + Level 0.7 Throwing
 + Level 11.1 Armour
 + Level 3.2 Dodging
 + Level 1.1 Stealth


You had 9 spell levels left.
You didn't know any spells.
Your spell library was empty.

Dungeon Overview and Level Annotations

Branches:
Dungeon (8/15)             Temple (0/1) D:7            Lair (1/6) D:8

Altars:
Elyvilon


Innate Abilities, Weirdness & Mutations

You have a pair of horns on your head.
You reflexively headbutt those who attack you in melee.


Message History

The yak gores you but does no damage.
You slice the elephant simulacrum!!
The elephant simulacrum is almost destroyed.
You slash the yak! You hit the ice devil. You hit the elephant simulacrum.
The elephant simulacrum vaporises!
Trog accepts your kill.
You slash the ice devil! You slash the yak! The ice devil hits you.
The ice devil freezes you!
* * * LOW HITPOINT WARNING * * *
Really walk into that cloud of freezing vapour? [Y]es or [N]o only, please.
Really walk into that cloud of freezing vapour? [Y]es or [N]o only, please.
Really walk into that cloud of freezing vapour? [Y]es or [N]o only, please.
Really walk into that cloud of freezing vapour?
Okay, then.
Your unstable footing causes you to fumble your attack.
The yak gores you but does no damage.
Your unstable footing causes you to fumble your attack.
The ice devil splashes around in the water.
Your unstable footing causes you to fumble your attack.
The yak gores you but does no damage.
The rime drake is engulfed in freezing vapours.
The rime drake bites you.
* * * LOW HITPOINT WARNING * * *
Your unstable footing causes you to fumble your attack.
The ice devil hits you!
* * * LOW HITPOINT WARNING * * *
The ice devil freezes you!!
* * * LOW HITPOINT WARNING * * *
You closely miss the rime drake. You headbutt the rime drake!
The rime drake is heavily wounded.
You slash the yak! You hit the ice devil. The rime drake barely misses you.
You furiously retaliate!
You headbutt the rime drake!
You kill the rime drake!
Trog accepts your kill. The yak gores you.
You die...

#...........# ##...#
#..........####..###
#.........##P..## .
#.........#..## ..
#.......##.## ≈≈.#
###....###..#
≈≈≈≈≈##≈#≈#..#...##
≈≈≈≈≈≈Y≈≈###≈...##
.≈≈≈≈≈†@≈≈≈≈#..##
...≈≈≈4≈≈≈≈≈≈≈##
.....!≈.≈≈≈≈≈≈≈#
.........≈.≈≈≈≈≈#
#############≈≈≈≈#
######


You could see an ice devil and a yak.

Vanquished Creatures
  A cane toad (Lair:1)
  Maggie (D:8)
  A rime drake (Lair:1)
  3 blink frogs (Lair:1)
  3 yaks (D:7)
  3 water moccasins
  Duvessa (D:7)
  An acid dragon (D:8)
  A black bear (D:6)
  An orc warrior (D:7)
  A sky beast (D:7)
  An ice beast (D:8)
  An ogre (D:7)
  A centaur (D:7)
  A kobold brigand (D:8)
  3 phantoms
  Blork the orc (D:5)
  A gnoll sergeant (D:5)
  2 scorpions
  2 bullfrogs
  2 necrophages
  8 wights
  An elephant simulacrum (Lair:1)
  Dowan (D:7)
  5 killer bees (D:8)
  3 orc priests
  4 hounds
  Crazy Yiuf (D:7)
  4 jellies
  An iguana (D:7)
  3 orc wizards
  3 gnolls (D:5)
  6 adders
  A shadow imp (D:5)
  A white imp (D:6)
  2 ufetubi
  A worm (D:2)
  2 dart slugs (D:3)
  19 orcs
  9 ball pythons
  3 endoplasms
  6 giant cockroaches
  11 goblins
  10 hobgoblins
  4 jackals (D:3)
  3 quokkas
  11 bats
  2 frilled lizards (D:2)
  13 kobolds
  22 rats
192 creatures vanquished.

Vanquished Creatures (collateral kills)
  A killer bee (D:8)
  2 orc wizards (D:8)
  An orc (D:8)
4 creatures vanquished.

Vanquished Creatures (others)
  A quokka (D:5)
  A plant (Lair:1)
2 creatures vanquished.

Grand Total: 198 creatures vanquished

Notes
Turn   | Place    | Note
-------+----------+-------------------------------------------
     0 | D:1      | Haaias the Minotaur Berserker began the quest for the Orb.
     0 | D:1      | Reached XP level 1. HP: 19/19 MP: 0/0
   227 | D:1      | Reached XP level 2. HP: 16/26 MP: 1/1
   569 | D:1      | Found Eradd's Antique Weapon Emporium.
  1051 | D:1      | Reached skill level 1 in Axes
  1051 | D:1      | Reached XP level 3. HP: 30/31 MP: 2/2
  1295 | D:2      | Reached ** piety under Trog
  1521 | D:2      | Reached skill level 2 in Axes
  1596 | D:2      | Found a faded altar of an unknown god.
  1820 | D:2      | Reached XP level 4. HP: 35/39 MP: 3/3
  2327 | D:3      | Reached skill level 3 in Axes
  2328 | D:3      | Reached *** piety under Trog
  2902 | D:4      | Reached XP level 5. HP: 23/45 MP: 4/4
  3388 | D:4      | Reached skill level 4 in Axes
  3396 | D:4      | Noticed a phantom
  3416 | D:4      | Killed a phantom
  3417 | D:4      | Reached skill level 5 in Axes
  3417 | D:4      | Reached XP level 6. HP: 51/51 MP: 5/5
  3507 | D:4      | Reached skill level 6 in Axes
  4320 | D:5      | Entered Level 5 of the Dungeon
  4388 | D:5      | Found a white marble altar of Elyvilon.
  4424 | D:5      | Noticed a water moccasin
  4430 | D:5      | Killed a water moccasin
  4431 | D:5      | Reached skill level 7 in Axes
  4431 | D:5      | Reached skill level 5 in Armour
  4431 | D:5      | Reached XP level 7. HP: 57/57 MP: 6/6
  4619 | D:5      | Noticed Blork the orc
  4625 | D:5      | Killed Blork the orc
  4698 | D:5      | Reached skill level 8 in Axes
  4787 | D:5      | Reached **** piety under Trog
  5174 | D:6      | Reached XP level 8. HP: 64/64 MP: 7/7
  5398 | D:6      | Reached skill level 9 in Axes
  5966 | D:7      | Reached skill level 10 in Axes
  6118 | D:7      | Found a staircase to the Ecumenical Temple.
  6151 | D:7      | Found a flagged portal.
  6396 | D:7      | Reached skill level 11 in Axes
  6396 | D:7      | Reached XP level 9. HP: 58/70 MP: 8/8
  6555 | D:7      | Noticed Duvessa
  6568 | D:7      | Noticed Dowan
  6570 | D:7      | Killed Duvessa
  6578 | D:7      | Killed Dowan
  6921 | D:7      | Found a runed translucent door.
  6922 | D:7      | Noticed Crazy Yiuf
  7012 | D:7      | Killed Crazy Yiuf
  7151 | D:8      | Found a staircase to the Lair.
  7202 | D:8      | Reached skill level 12 in Axes
  7467 | D:8      | Reached skill level 10 in Armour
  7467 | D:8      | Reached skill level 1 in Stealth
  7986 | D:8      | Noticed Maggie
  7995 | D:8      | Killed Maggie
  8239 | D:8      | Reached XP level 10. HP: 65/77 MP: 9/9
  8330 | Lair:1   | Entered Level 1 of the Lair of Beasts
  8344 | Lair:1   | Reached skill level 13 in Axes
  8722 | Lair:1   | Noticed a cane toad
  8734 | Lair:1   | Killed a cane toad
  8769 | Lair:1   | HP: 4/115 [ice devil (19)]
  8770 | Lair:1   | Slain by a yak

Illustrated notes

Levels and vault maps discovered:
D:1:      dpeg_arrival_morbid_curiosity, layout_basic, serial_shops, shop
D:2:      layout_loops_ring, shapermc_ecumenical_altar_starsandcircs,
          kennysheep_generic_room_13
D:3:      layout_basic, minmay_rat_hole
D:4:      layout_cave_pools
D:5:      layout_loops_ring, elyvilon_altar_4, uniq_blork_the_orc
D:6:      layout_loops_corners
D:7:      layout_rooms, temple_fountains, enter_bailey_2, uniq_duvessa,
          uniq_crazy_yiuf_cottage
D:8:      hellmonk_destroyed_diamonds, layout_basic, lair_entry_dummy,
          uniq_maggie
Lair:1:   dreamdust_isle_of_ice, layout_cave_pods, st_stairs_10,
          lemuel_fruit_tree

Skill      XL: |  1  2  3  4  5  6  7  8  9 10 |
---------------+-------------------------------+-----
Maces & Flails | 4 |  4.7
Axes           | 1 2 3 5 7 8 11 12 13 | 13.5
Armour         | 3 4 5 6 8 10 11 | 11.1
Dodging        | 3 |  3.2
Stealth        | 1 |  1.1
Fighting       | |  3.6
Throwing       | |  0.7

Action                   |  1- 3 |  4- 6 |  7- 9 | 10-12 || total
-------------------------+-------+-------+-------+-------++-------
Melee: Mace              |    32 |       |       |       ||    32
       Headbutt          |    12 |    23 |    45 |     4 ||    84
       Hand axe          |    87 |   123 |   257 |    48 ||   515
       Punch             |       |     2 |     3 |       ||     5
Throw: Boomerang         |       |       |     5 |       ||     5
Invok: Berserk           |       |     1 |     1 |     1 ||     3
       Trog's Hand       |       |       |     1 |       ||     1
       Brothers in Arms  |       |       |     1 |       ||     1
  Use: Scroll            |     2 |     7 |    12 |     1 ||    22
 Stab: Distracted        |       |     1 |       |       ||     1
Armor: Plate armour      |    79 |    78 |   150 |    25 ||   332
       Animal skin       |     1 |       |       |       ||     1
Dodge: Dodged            |    66 |    47 |    92 |    10 ||   215

Table legend: (Time is in decaauts)
 A = Elapsed time spent in this place.
 B = Non-inter-level travel time spent in this place.
 C = Inter-level travel time spent in this place.
 D = Time resting spent in this place.
 E = Time spent auto-exploring this place.
 F = Levels seen in this place.
 G = Mean time per level.
                   A        B        C        D        E       F      G
               +--------+--------+--------+--------+--------+-----+--------+
         Total |   8742 |   8528 |    214 |   2565 |   4751 |   9 |  971.3 |
       Dungeon |   8319 |   8105 |    214 |   2254 |   4688 |   8 | 1039.9 |
          Lair |    422 |    422 |      0 |    311 |     63 |   1 |  422.0 |
               +--------+--------+--------+--------+--------+-----+--------+

Top non-repeatable levels by time:
     D:3: 1434 daAuts
     D:7: 1242 daAuts
     D:8: 1194 daAuts
     D:1: 1168 daAuts
     D:4: 995 daAuts
     D:6: 858 daAuts
     D:2: 755 daAuts
     D:5: 670 daAuts
  Lair:1: 422 daAuts
